[Event "DLM Youth 2024"]
[Site "Tuebingen"]
[Date "2024.10.03"]
[Round "1"]
[White "Pubantz, Jan"]
[Black "Chassard, Cedric"]
[Result "1/2-1/2"]
[ECO "D02"]
[WhiteElo "2318"]
[BlackElo "2289"]
[Annotator "RC"]
[PlyCount "109"]
[EventDate "2024.10.03"]
[EventType "team-swiss"]
[EventRounds "7"]
[EventCountry "GER"]
[SourceTitle "playchess.com"]
[Source "ChessBase"]
[SourceQuality "1"]
[TimeControl "40/5400+30:1800+30"]

1. d4 Nf6 2. c4 e6 3. g3 d5 4. Nf3 Bd6 5. Bg2 O-O 6. O-O Nc6 7. b3 dxc4 8. bxc4 e5 9. c5 Be7 10. dxe5 Qxd1 11. Rxd1 Ne4 12. Ba3 Bxc5 13. Bxc5 Nxc5 14. Nbd2 Be6 15. Ng5 Bg4 16. Bxc6 bxc6 17. f3 Bf5 18. g4 h6 19. Rac1 Nd7 20. gxf5 hxg5 21. Nc4 Rad8 22. Kf2 Rfe8 23. Rd3 Nb6 24. Rxd8 Rxd8 25. Na5 Re8 26. Nxc6 Nd7 27. e6 fxe6 28. fxe6 Rxe6 29. Nd4 Ra6 30. Rxc7 Nf6 31. Nf5 Nh5 32. Rc2 Nf4 33. Rd2 Re6 34. e3 Nh5 35. Nd6 Nf6 36. h3 Re5 37. Nc4 Rc5 38. Rd4 Rb5 39. Rd8+ Kh7 40. Rd2 Rb1 41. Ne5 Rh1 42. Kg2 Re1 43. Kf2 Rh1 44. Ng4 Rxh3 45. Kg2 Rh4 46. Nxf6+ gxf6 47. Rd7+ Kg6 48. Rxa7 Rb4 49. Kg3 Rb2 50. e4 Rc2 51. a4 Ra2 52. a5 Rb2 53. Ra8 Ra2 54. a6 Kg7 55. Kg4 1/2-1/2

[Event "DLM Youth 2024"]
[Site "Tuebingen"]
[Date "2024.10.03"]
[Round "1"]
[White "Farokhi, Keyvan"]
[Black "Fuhrmann, Bahne"]
[Result "1/2-1/2"]
[ECO "E60"]
[WhiteElo "2306"]
[BlackElo "2146"]
[Annotator "RC"]
[PlyCount "86"]
[EventDate "2024.10.03"]
[EventType "team-swiss"]
[EventRounds "7"]
[EventCountry "GER"]
[SourceTitle "playchess.com"]
[Source "ChessBase"]
[SourceQuality "1"]
[TimeControl "40/5400+30:1800+30"]

1. d4 Nf6 2. c4 g6 3. h4 d5 4. cxd5 c5 5. dxc5 Qxd5 6. Qxd5 Nxd5 7. a3 Na6 8. c6 Nc5 9. Nd2 bxc6 10. b4 Na4 11. e4 Ndb6 12. Ra2 Bg7 13. Rc2 O-O 14. Ngf3 Bg4 15. Ba6 Bc8 16. Bxc8 Raxc8 17. Nb3 Rfd8 18. Rh3 Rd3 19. Ng1 Rcd8 20. Rxd3 Rxd3 21. Na5 Nc3 22. Rd2 Rxd2 23. Bxd2 Nxe4 24. Nxc6 Nxd2 25. Kxd2 Nc4+ 26. Kd3 Nxa3 27. Nxa7 Kf8 28. b5 Ke8 29. b6 Kd7 30. Nf3 e5 31. Ng5 f5 32. f3 h6 33. Nf7 e4+ 34. fxe4 fxe4+ 35. Kxe4 Nc4 36. b7 Kc7 37. Nc6 Kxb7 38. Ne7 Kc7 39. Nxg6 Kd7 40. g4 Ke6 41. Nd8+ Kf6 42. Nf4 Ke7 43. Nc6+ Kf7 1/2-1/2

[Event "DLM Youth 2024"]
[Site "Tuebingen"]
[Date "2024.10.03"]
[Round "1"]
[White "Haack, Kevin"]
[Black "Haubold, Sebastian"]
[Result "1/2-1/2"]
[ECO "E63"]
[WhiteElo "2305"]
[BlackElo "2030"]
[Annotator "RC"]
[PlyCount "94"]
[EventDate "2024.10.03"]
[EventType "team-swiss"]
[EventRounds "7"]
[EventCountry "GER"]
[SourceTitle "playchess.com"]
[Source "ChessBase"]
[SourceQuality "1"]
[TimeControl "40/5400+30:1800+30"]

1. d4 Nf6 2. c4 g6 3. g3 Bg7 4. Bg2 O-O 5. Nc3 d6 6. Nf3 Nc6 7. O-O a6 8. b3 Rb8 9. d5 Na5 10. Bg5 c5 11. dxc6 Nxc6 12. Rc1 Bd7 13. Nd5 Nxd5 14. cxd5 Ne5 15. Qd2 Nxf3+ 16. Bxf3 Bh3 17. Rfd1 Qd7 18. Rc4 Rbc8 19. Rh4 f6 20. Bh6 g5 21. Bxg7 Kxg7 22. Rb4 Rc5 23. Bg2 Bxg2 24. Kxg2 Rfc8 25. h4 h6 26. Re4 R8c7 27. Re6 Qe8 28. hxg5 hxg5 29. Qe3 Kf8 30. Qe4 Rc1 31. Rxc1 Rxc1 32. Qh7 Rc7 33. Qh6+ Kf7 34. Qh7+ Kf8 35. g4 Qf7 36. Qf5 Kg7 37. Qe4 Kh8 38. Qe3 Kg7 39. a4 Kf8 40. Qb6 Rd7 41. Qd4 Rc7 42. b4 Qh7 43. Qa7 Qh4 44. Qb8+ Kf7 45. Rxf6+ Kxf6 46. Qf8+ Kg6 47. Qg8+ Kf6 1/2-1/2

[Event "DLM Youth 2024"]
[Site "Tuebingen"]
[Date "2024.10.03"]
[Round "1"]
[White "Gallasch, Jonas"]
[Black "Weber, Nikita"]
[Result "1-0"]
[ECO "D11"]
[WhiteElo "2291"]
[BlackElo "2130"]
[Annotator "RC"]
[PlyCount "63"]
[EventDate "2024.10.03"]
[EventType "team-swiss"]
[EventRounds "7"]
[EventCountry "GER"]
[SourceTitle "playchess.com"]
[Source "ChessBase"]
[SourceQuality "1"]
[TimeControl "40/5400+30:1800+30"]

1. d4 d5 2. c4 c6 3. Nf3 Nf6 4. e3 a6 5. Bd3 g6 6. b3 Bg4 7. Nbd2 Qa5 8. Qc2 Bxf3 9. gxf3 Nbd7 10. Bb2 Bh6 11. c5 Nh5 12. f4 e6 13. b4 Qc7 14. Nf3 f5 15. h4 Bf8 16. a4 Ndf6 17. Ke2 Be7 18. b5 axb5 19. axb5 Rxa1 20. Rxa1 O-O 21. Ra7 Qb8 22. b6 Re8 23. Ne5 Ne4 24. Ba6 bxa6 25. Nxc6 Nxf4+ 26. Kf3 Nd3 27. Nxb8 Ne1+ 28. Ke2 Nxc2 29. Nxa6 Bd6 30. cxd6 Nxd6 31. b7 Rf8 32. b8=Q 1-0

[Event "DLM Youth 2024"]
[Site "Tuebingen"]
[Date "2024.10.03"]
[Round "1"]
[White "Hinrichs, Paul"]
[Black "Besou, Hussain"]
[Result "1-0"]
[ECO "E51"]
[WhiteElo "2264"]
[BlackElo "2345"]
[Annotator "RC"]
[PlyCount "93"]
[EventDate "2024.10.03"]
[EventType "team-swiss"]
[EventRounds "7"]
[EventCountry "GER"]
[SourceTitle "playchess.com"]
[Source "ChessBase"]
[SourceQuality "1"]
[TimeControl "40/5400+30:1800+30"]

1. d4 Nf6 2. c4 e6 3. Nc3 Bb4 4. e3 O-O 5. Bd3 d5 6. Nf3 b6 7. a3 Be7 8. O-O Bb7 9. cxd5 exd5 10. Qc2 c5 11. dxc5 bxc5 12. Rd1 Qb6 13. e4 c4 14. Bf1 dxe4 15. Ne5 Qe6 16. Nxc4 Nbd7 17. Na5 Ba6 18. Nxe4 Nxe4 19. Bxa6 Nxf2 20. Rxd7 Qb6 21. Be3 Nh3+ 22. gxh3 Qxe3+ 23. Kh1 Bh4 24. Rf1 Qb6 25. Qc4 Bf6 26. b4 Rae8 27. Bb7 Qe3 28. Bd5 Kh8 29. Rxf7 Rxf7 30. Bxf7 Rd8 31. Qb3 Qd2 32. Qf3 Be5 33. Qg2 Qh6 34. Bd5 Rc8 35. Nc6 Bf6 36. Qf3 Re8 37. Nxa7 Qd2 38. Nc6 Re2 39. Kg1 Rxh2 40. Rd1 Rg2+ 41. Kf1 Rf2+ 42. Qxf2 Qxd1+ 43. Qe1 Qd3+ 44. Qe2 Qb1+ 45. Kg2 Qg6+ 46. Kh1 Bh4 47. Ne5 1-0

[Event "DLM Youth 2024"]
[Site "Tuebingen"]
[Date "2024.10.03"]
[Round "1"]
[White "Weihrauch, Jakob"]
[Black "Ermitsch, Magnus"]
[Result "1/2-1/2"]
[ECO "B48"]
[WhiteElo "2264"]
[BlackElo "2396"]
[Annotator "RC"]
[PlyCount "94"]
[EventDate "2024.10.03"]
[EventType "team-swiss"]
[EventRounds "7"]
[EventCountry "GER"]
[SourceTitle "playchess.com"]
[Source "ChessBase"]
[SourceQuality "1"]
[TimeControl "40/5400+30:1800+30"]

1. e4 c5 2. Nf3 e6 3. d4 cxd4 4. Nxd4 Nc6 5. Nc3 Qc7 6. Be3 a6 7. g4 b5 8. Nxc6 Qxc6 9. Qd2 Bb7 10. f3 Ne7 11. O-O-O d5 12. exd5 Nxd5 13. Nxd5 Qxd5 14. Bd3 Be7 15. Be4 Qxd2+ 16. Rxd2 Bxe4 17. fxe4 h5 18. g5 Rc8 19. Rhd1 h4 20. Rd7 Rh5 21. g6 fxg6 22. Ra7 g5 23. Rxa6 g4 24. Rxe6 Kf7 25. Rb6 Rc4 26. Rf1+ Kg8 27. Re6 Bf6 28. b3 Rc8 29. Rg1 Bg5 30. Bxg5 Rxg5 31. Rd6 Rc3 32. Rd5 Rg6 33. Rxb5 g3 34. hxg3 Rcxg3 35. Rh1 Rg1+ 36. Rxg1 Rxg1+ 37. Kb2 g5 38. a4 h3 39. Rb8+ Kg7 40. Rb7+ Kg6 41. Rb6+ Kh7 42. Rb7+ Kg6 43. Rb6+ Kh7 44. Rb7+ Kh8 45. Rb8+ Kg7 46. Rb7+ Kg8 47. Rb8+ Kh7 1/2-1/2

[Event "DLM Youth 2024"]
[Site "Tuebingen"]
[Date "2024.10.03"]
[Round "1"]
[White "Heinrich, John"]
[Black "Abou Wally, Adrian"]
[Result "1-0"]
[ECO "D78"]
[WhiteElo "2237"]
[BlackElo "1991"]
[Annotator "RC"]
[PlyCount "71"]
[EventDate "2024.10.03"]
[EventType "team-swiss"]
[EventRounds "7"]
[EventCountry "GER"]
[SourceTitle "playchess.com"]
[Source "ChessBase"]
[SourceQuality "1"]
[TimeControl "40/5400+30:1800+30"]

1. Nf3 Nf6 2. c4 g6 3. d4 Bg7 4. g3 O-O 5. Bg2 c6 6. Nc3 d5 7. Qb3 dxc4 8. Qxc4 Nbd7 9. O-O Nb6 10. Qd3 h6 11. Rd1 Be6 12. e4 Bg4 13. h3 Bxf3 14. Qxf3 e6 15. Qe2 Qe7 16. Be3 Rfd8 17. a4 Qb4 18. a5 Nbd7 19. d5 exd5 20. exd5 cxd5 21. Nxd5 Nxd5 22. Rxd5 Ne5 23. Bc5 Qb3 24. Rxe5 Bxe5 25. Qxe5 Re8 26. Qc3 Qxc3 27. bxc3 Rac8 28. Bxa7 Re7 29. Rb1 Rcc7 30. Bd4 g5 31. h4 g4 32. h5 Kf8 33. Bd5 Red7 34. c4 Re7 35. Kf1 Red7 36. Rb6 1-0

[Event "DLM Youth 2024"]
[Site "Tuebingen"]
[Date "2024.10.03"]
[Round "1"]
[White "Semling, Julius"]
[Black "Foksha, Mischa"]
[Result "1-0"]
[ECO "B90"]
[WhiteElo "2233"]
[BlackElo "2078"]
[Annotator "RC"]
[PlyCount "101"]
[EventDate "2024.10.03"]
[EventType "team-swiss"]
[EventRounds "7"]
[EventCountry "GER"]
[SourceTitle "playchess.com"]
[Source "ChessBase"]
[SourceQuality "1"]
[TimeControl "40/5400+30:1800+30"]

1. e4 c5 2. Nf3 d6 3. d4 cxd4 4. Nxd4 Nf6 5. Nc3 a6 6. h3 e5 7. Nf3 b5 8. a4 Bb7 9. axb5 Nxe4 10. Nxe4 Bxe4 11. bxa6 Qb6 12. c3 Be7 13. Nd2 Bb7 14. Nc4 Qc6 15. Na5 Qe4+ 16. Be3 Bxa6 17. Ra4 Qg6 18. Rg4 Qf5 19. Nc4 O-O 20. Bh6 Bf6 21. Ne3 Qe6 22. Nd5 Kh8 23. Bxa6 Nxa6 24. Nxf6 gxh6 25. Qf3 Nc5 26. O-O Ra7 27. Rh4 Nd7 28. Rxh6 Nxf6 29. Rxf6 Qe7 30. Rd1 Rd8 31. Qf5 Kg7 32. Qg5+ Kh8 33. Rd3 Rg8 34. Qf5 Rd7 35. Rh6 Rg6 36. Qh5 Rxh6 37. Qxh6 d5 38. Rg3 f6 39. Rf3 Rd6 40. Qe3 d4 41. cxd4 Rxd4 42. Qc3 Rd8 43. b4 Rb8 44. b5 h6 45. Qc6 Kh7 46. Rg3 Qf7 47. b6 f5 48. Qe4 Rxb6 49. Qxe5 Rf6 50. Rf3 f4 51. g4 1-0

[Event "DLM Youth 2024"]
[Site "Tuebingen"]
[Date "2024.10.03"]
[Round "1"]
[White "Semling, Johannes"]
[Black "Wunderlich, Elias"]
[Result "1-0"]
[ECO "A13"]
[WhiteElo "2206"]
[BlackElo "2073"]
[Annotator "RC"]
[PlyCount "119"]
[EventDate "2024.10.03"]
[EventType "team-swiss"]
[EventRounds "7"]
[EventCountry "GER"]
[SourceTitle "playchess.com"]
[Source "ChessBase"]
[SourceQuality "1"]
[TimeControl "40/5400+30:1800+30"]

1. Nf3 d5 2. e3 Nf6 3. c4 e6 4. Nc3 Be7 5. b3 O-O 6. Bb2 Nbd7 7. Be2 dxc4 8. bxc4 c5 9. Rg1 Qa5 10. g4 Rd8 11. g5 Ne8 12. Qc2 a6 13. Ne4 b5 14. h4 Bb7 15. h5 Bxe4 16. Qxe4 Nd6 17. Qg4 Nf5 18. e4 Nd4 19. Nxd4 cxd4 20. Bxd4 e5 21. Be3 Nf8 22. Qf5 Bb4 23. Kf1 Bxd2 24. Bxd2 Rxd2 25. Rg3 b4 26. a3 Rad8 27. Re3 R8d6 28. c5 Qxc5 29. axb4 Qd4 30. Rc1 h6 31. Rc7 Rd7 32. Rxd7 Qxd7 33. Qxe5 hxg5 34. Qxg5 Ne6 35. Qg4 Kf8 36. Bc4 Rd1+ 37. Kg2 Nc7 38. Qxd7 Rxd7 39. Kf3 Rd4 40. Rc3 Nb5 41. Rc1 Nd6 42. Bxa6 Rxb4 43. Bd3 f6 44. Ke3 Ra4 45. Rc5 Nf7 46. Rc8+ Ke7 47. f4 Nd6 48. Rc7+ Kf8 49. e5 fxe5 50. fxe5 Ne8 51. Rc8 Ra3 52. Kd4 Ke7 53. Bg6 Nf6 54. Rc7+ Kd8 55. exf6 Kxc7 56. fxg7 Ra8 57. h6 Rg8 58. Bf7 Rd8+ 59. Ke5 Kd7 60. h7 1-0

[Event "DLM Youth 2024"]
[Site "Tuebingen"]
[Date "2024.10.03"]
[Round "1"]
[White "Baranyai-Molnar, Adam"]
[Black "Udelnov, Valentin"]
[Result "1-0"]
[ECO "C22"]
[WhiteElo "2179"]
[BlackElo "2045"]
[Annotator "RC"]
[PlyCount "187"]
[EventDate "2024.10.03"]
[EventType "team-swiss"]
[EventRounds "7"]
[EventCountry "GER"]
[SourceTitle "playchess.com"]
[Source "ChessBase"]
[SourceQuality "1"]
[TimeControl "40/5400+30:1800+30"]

1. e4 e5 2. d4 exd4 3. Qxd4 Nc6 4. Qe3 Bb4+ 5. Bd2 Qe7 6. Nc3 Nf6 7. O-O-O d6 8. f3 Bd7 9. g4 h6 10. Bb5 a6 11. Bxc6 Bxc6 12. Nge2 O-O-O 13. Nd4 Bd7 14. Nb3 Kb8 15. a3 Bxc3 16. Qxc3 Bc8 17. Be3 Qe5 18. Bd4 Qf4+ 19. Kb1 Rhg8 20. Rd3 Nd7 21. Be3 Qf6 22. Bd4 Qf4 23. Rhd1 Rde8 24. Na5 Qg5 25. Qe1 Nc5 26. Bxc5 Qxc5 27. Rd5 Qb6 28. R1d3 Be6 29. R5d4 Ka8 30. Qd2 f6 31. c4 Bc8 32. Ka2 h5 33. Rb3 Qa7 34. gxh5 Re5 35. Rd5 Rge8 36. h6 gxh6 37. Qxh6 Rxd5 38. cxd5 Qd4 39. Rc3 f5 40. Nb3 Qh8 41. Qxh8 Rxh8 42. Rxc7 fxe4 43. fxe4 Kb8 44. Rc2 Rh4 45. Re2 Bg4 46. Rf2 Bd1 47. Nd2 Bc2 48. Nf3 Rf4 49. Rxc2 Rxf3 50. Rg2 Rh3 51. Rg8+ Kc7 52. Rg7+ Kc8 53. Re7 Rxh2 54. Kb3 Re2 55. Kc3 Re1 56. Kb4 Re2 57. b3 Re3 58. a4 Rd3 59. Kc4 Re3 60. a5 Re1 61. e5 Rc1+ 62. Kb4 dxe5 63. Rxe5 Kd7 64. Rh5 Kd6 65. Rh7 Kxd5 66. Rxb7 Rc8 67. Rd7+ Ke6 68. Ra7 Rc6 69. Rb7 Kd5 70. Ka4 Rc8 71. b4 Rc1 72. Rb6 Ra1+ 73. Kb3 Rb1+ 74. Kc2 Ra1 75. Rxa6 Kc4 76. Rb6 Ra2+ 77. Kd1 Kd3 78. Ke1 Ke3 79. Kf1 Kf3 80. Rf6+ Ke4 81. a6 Ra4 82. b5 Ra5 83. Rb6 Kf3 84. Ke1 Ke3 85. Kd1 Kd3 86. Kc1 Kc3 87. Kb1 Ra4 88. Rb7 Rb4+ 89. Kc1 Rh4 90. Rc7+ Kb4 91. a7 Rh1+ 92. Kb2 Rh2+ 93. Rc2 Rh8 94. b6 1-0

[Event "DLM Youth 2024"]
[Site "Tuebingen"]
[Date "2024.10.03"]
[Round "1"]
[White "Mohylnyi, Stepan"]
[Black "Uhlmann, Tim"]
[Result "1-0"]
[ECO "C45"]
[WhiteElo "2160"]
[BlackElo "2067"]
[Annotator "RC"]
[PlyCount "76"]
[EventDate "2024.10.03"]
[EventType "team-swiss"]
[EventRounds "7"]
[EventCountry "GER"]
[SourceTitle "playchess.com"]
[Source "ChessBase"]
[SourceQuality "1"]
[TimeControl "40/5400+30:1800+30"]

1. e4 e5 2. Nf3 Nc6 3. d4 exd4 4. Nxd4 Bb4+ 5. c3 Bc5 6. Be3 Bb6 7. Bc4 Ne5 8. Be2 d6 9. f4 Ng4 10. Bxg4 Qh4+ 11. Bf2 Qxg4 12. Qxg4 Bxg4 13. f5 Bxd4 14. cxd4 f6 15. Nc3 Ne7 16. d5 a6 17. h3 Bh5 18. g4 Bf7 19. O-O-O Rc8 20. Kb1 c6 21. Bg3 cxd5 22. Bxd6 Rd8 23. Bc5 dxe4 24. Rxd8+ Kxd8 25. Rd1+ Ke8 26. Nxe4 Nc8 27. g5 Bh5 28. Rd3 fxg5 29. Nxg5 b6 30. Ne6 bxc5 31. Rd8+ Kf7 32. Rxh8 Nd6 33. Rxh7 Be2 34. Rxg7+ Kf6 35. Rd7 Nxf5 36. Nxc5 Bf1 37. Rh7 Ke5 38. Kc1 Kd5 1-0

[Event "DLM Youth 2024"]
[Site "Tuebingen"]
[Date "2024.10.03"]
[Round "1"]
[White "Karle, Sam"]
[Black "Walter, Richard"]
[Result "1-0"]
[ECO "B15"]
[WhiteElo "2124"]
[BlackElo "1958"]
[Annotator "RC"]
[PlyCount "91"]
[EventDate "2024.10.03"]
[EventType "team-swiss"]
[EventRounds "7"]
[EventCountry "GER"]
[SourceTitle "playchess.com"]
[Source "ChessBase"]
[SourceQuality "1"]
[TimeControl "40/5400+30:1800+30"]

1. e4 c6 2. d4 d5 3. Nd2 dxe4 4. Nxe4 Nf6 5. Nxf6+ exf6 6. Be3 Bd6 7. Bd3 O-O 8. c3 Re8 9. Qc2 h5 10. Ne2 Nd7 11. O-O-O Nf8 12. Ng3 Qa5 13. Kb1 Be6 14. b3 b5 15. Bf5 g6 16. Bxe6 Nxe6 17. Ne4 Be7 18. d5 cxd5 19. Rxd5 f5 20. Nd6 Bxd6 21. Rxd6 Rac8 22. Kb2 b4 23. Rd3 Qe5 24. Bd2 Nc5 25. Re3 Ne4 26. Rhe1 Red8 27. R1e2 Rxd2 28. Qxd2 bxc3+ 29. Rxc3 Qxc3+ 30. Qxc3 Nxc3 31. Re7 Nb5 32. a4 Nd4 33. Rxa7 Rc2+ 34. Ka3 Rxf2 35. b4 Rf1 36. Kb2 Re1 37. Kc3 Nc6 38. Ra8+ Kg7 39. b5 Ne7 40. a5 Rb1 41. Rb8 Nc6 42. a6 Na7 43. b6 Nc8 44. Rxc8 Rxb6 45. a7 Ra6 46. a8=Q 1-0

[Event "DLM Youth 2024"]
[Site "Tuebingen"]
[Date "2024.10.03"]
[Round "1"]
[White "Butenandt, Svenja"]
[Black "Kocharin, Timur"]
[Result "1/2-1/2"]
[ECO "E52"]
[WhiteElo "2121"]
[BlackElo "2234"]
[Annotator "RC"]
[PlyCount "48"]
[EventDate "2024.10.03"]
[EventType "team-swiss"]
[EventRounds "7"]
[EventCountry "GER"]
[SourceTitle "playchess.com"]
[Source "ChessBase"]
[SourceQuality "1"]
[TimeControl "40/5400+30:1800+30"]

1. d4 Nf6 2. c4 e6 3. Nc3 Bb4 4. e3 O-O 5. Bd2 d5 6. Nf3 Nbd7 7. Bd3 dxc4 8. Bxc4 b6 9. O-O Bb7 10. a3 Be7 11. Rc1 c5 12. Qe2 Rc8 13. Ba6 Qc7 14. e4 Bxa6 15. Qxa6 Nb8 16. Qe2 Qb7 17. dxc5 Rxc5 18. b4 Rcc8 19. Rfe1 Rfd8 20. h3 h6 21. Bf4 a5 22. Bxb8 Qxb8 23. Qb5 axb4 24. axb4 Qb7 1/2-1/2

[Event "DLM Youth 2024"]
[Site "Tuebingen"]
[Date "2024.10.03"]
[Round "1"]
[White "Moeller, Maurin"]
[Black "Mader, Fabian"]
[Result "1-0"]
[ECO "B33"]
[WhiteElo "2118"]
[BlackElo "1963"]
[Annotator "RC"]
[PlyCount "81"]
[EventDate "2024.10.03"]
[EventType "team-swiss"]
[EventRounds "7"]
[EventCountry "GER"]
[SourceTitle "playchess.com"]
[Source "ChessBase"]
[SourceQuality "1"]
[TimeControl "40/5400+30:1800+30"]

1. e4 c5 2. Nf3 Nc6 3. d4 cxd4 4. Nxd4 Nf6 5. Nc3 e5 6. Ndb5 d6 7. Nd5 Nxd5 8. exd5 Ne7 9. c4 Nf5 10. Bd3 Be7 11. O-O a6 12. Bxf5 Bxf5 13. Na3 O-O 14. Qb3 Qd7 15. Be3 Kh8 16. Rfd1 Bg4 17. f3 Bh5 18. Rd2 f5 19. c5 dxc5 20. d6 Bf6 21. Bxc5 b5 22. Re1 Rac8 23. Qe3 h6 24. Qf2 Rfe8 25. Nb1 Bf7 26. Nc3 Rc6 27. b4 Bc4 28. Nd5 Bxd5 29. Rxd5 Rd8 30. Red1 Re8 31. Re1 Rd8 32. Red1 Re8 33. Qe3 Bg5 34. Qe2 Rcc8 35. Rxe5 Rxe5 36. Qxe5 Re8 37. Qd5 Be3+ 38. Kf1 Bxc5 39. bxc5 b4 40. c6 Qa7 41. d7 1-0

[Event "DLM Youth 2024"]
[Site "Tuebingen"]
[Date "2024.10.03"]
[Round "1"]
[White "Haubold, Christian"]
[Black "Sydykov, Bayastan"]
[Result "1/2-1/2"]
[ECO "C07"]
[WhiteElo "2084"]
[BlackElo "2268"]
[Annotator "RC"]
[PlyCount "106"]
[EventDate "2024.10.03"]
[EventType "team-swiss"]
[EventRounds "7"]
[EventCountry "GER"]
[SourceTitle "playchess.com"]
[Source "ChessBase"]
[SourceQuality "1"]
[TimeControl "40/5400+30:1800+30"]

1. e4 e6 2. d4 d5 3. Nd2 c5 4. exd5 Qxd5 5. Ngf3 cxd4 6. Bc4 Qd7 7. O-O Nc6 8. Nb3 a6 9. a4 Nf6 10. Nbxd4 Nxd4 11. Nxd4 Qc7 12. b3 Bd6 13. Nf3 O-O 14. Bb2 e5 15. h3 Bf5 16. Qe2 Rfe8 17. Rad1 Re7 18. Rfe1 Rae8 19. Nh4 Bd7 20. Qd3 Bb4 21. Re2 Bc6 22. Qg3 Bd7 23. Nf3 Bd6 24. Ng5 Bf5 25. Red2 Bb4 26. Re2 Bg6 27. Nf3 Ne4 28. Qg4 Nc3 29. Bxc3 Bxc3 30. Nh4 Rd8 31. Rxd8+ Qxd8 32. Nxg6 hxg6 33. Kh2 Qc7 34. Qg3 Bb4 35. c3 Bc5 36. Qxg6 e4+ 37. g3 Qe5 38. Qg4 Bb6 39. Qc8+ Kh7 40. Qg4 g6 41. Kg2 Kg7 42. Qh4 Bc5 43. Qg4 f5 44. Qg5 Qxc3 45. Qd2 Bd4 46. Qxc3 Bxc3 47. Rc2 Bb4 48. Be2 Bd6 49. Rc8 e3 50. f4 Bc7 51. Kf3 Ba5 52. Bc4 Bb6 53. Ke2 Bd4 1/2-1/2

[Event "DLM Youth 2024"]
[Site "Tuebingen"]
[Date "2024.10.03"]
[Round "1"]
[White "Sauer, Tim"]
[Black "Sheng, Ming"]
[Result "0-1"]
[ECO "A14"]
[WhiteElo "2081"]
[BlackElo "2007"]
[Annotator "RC"]
[PlyCount "88"]
[EventDate "2024.10.03"]
[EventType "team-swiss"]
[EventRounds "7"]
[EventCountry "GER"]
[SourceTitle "playchess.com"]
[Source "ChessBase"]
[SourceQuality "1"]
[TimeControl "40/5400+30:1800+30"]

1. c4 e6 2. Nf3 Nf6 3. b3 d5 4. Bb2 Be7 5. e3 O-O 6. Nc3 dxc4 7. bxc4 c5 8. g3 b6 9. Bg2 Bb7 10. O-O Nc6 11. Qe2 Qc7 12. Ne1 Ne8 13. f4 Nd6 14. g4 Na5 15. d3 a6 16. a4 Rab8 17. e4 Nb3 18. Rb1 Nd4 19. Qf2 f6 20. Nc2 e5 21. Ne3 Qd7 22. Kh1 Bc6 23. fxe5 fxe5 24. Qg3 Nf7 25. Ned5 Qd8 26. Nxe7+ Qxe7 27. Nd5 Bxd5 28. exd5 Qd7 29. d6 Ne2 30. Qe3 Nf4 31. Be4 Rbe8 32. Bxe5 Nxe5 33. Rxf4 Qxd6 34. Rbf1 Nxg4 35. Qg3 Rxf4 36. Rxf4 Nf6 37. Qf3 Nxe4 38. Rxe4 Rf8 39. Qe2 Qc6 40. Qg4 Qxa4 41. Qe6+ Kh8 42. Qe7 Qd1+ 43. Re1 Rf1+ 44. Kg2 Qf3# 0-1

[Event "DLM Youth 2024"]
[Site "Tuebingen"]
[Date "2024.10.03"]
[Round "1"]
[White "Bardorz, Jana"]
[Black "Rafikova, Ailin"]
[Result "1-0"]
[ECO "B13"]
[WhiteElo "2069"]
[BlackElo "1707"]
[Annotator "RC"]
[PlyCount "53"]
[EventDate "2024.10.03"]
[EventType "team-swiss"]
[EventRounds "7"]
[EventCountry "GER"]
[SourceTitle "playchess.com"]
[Source "ChessBase"]
[SourceQuality "1"]
[TimeControl "40/5400+30:1800+30"]

1. e4 c6 2. d4 d5 3. exd5 cxd5 4. Bd3 Nc6 5. c3 Nf6 6. Bf4 e6 7. Nf3 Bd6 8. Bxd6 Qxd6 9. O-O O-O 10. Re1 Rb8 11. Qe2 Bd7 12. Nbd2 Rfc8 13. Ne5 Ne7 14. f4 Rc7 15. Rf1 b5 16. a3 a5 17. Nb3 Qb6 18. Nc5 Nc8 19. Ncxd7 Nxd7 20. Bxh7+ Kf8 21. Rae1 g6 22. Bxg6 fxg6 23. Nxg6+ Kf7 24. f5 Ne7 25. fxe6+ Ke8 26. exd7+ Kxd7 27. Qg4+ 1-0

[Event "DLM Youth 2024"]
[Site "Tuebingen"]
[Date "2024.10.03"]
[Round "1"]
[White "Malinowsky, Levi"]
[Black "Hubert, Charlotte"]
[Result "0-1"]
[ECO "B99"]
[WhiteElo "2065"]
[BlackElo "1878"]
[Annotator "RC"]
[PlyCount "98"]
[EventDate "2024.10.03"]
[EventType "team-swiss"]
[EventRounds "7"]
[EventCountry "GER"]
[SourceTitle "playchess.com"]
[Source "ChessBase"]
[SourceQuality "1"]
[TimeControl "40/5400+30:1800+30"]

1. e4 c5 2. Nf3 d6 3. d4 cxd4 4. Nxd4 Nf6 5. Nc3 a6 6. Bg5 e6 7. f4 Be7 8. Qf3 Qc7 9. O-O-O Nbd7 10. g4 h6 11. Bxf6 Bxf6 12. h4 Nb6 13. g5 Bxd4 14. Rxd4 Qc5 15. Rd3 Bd7 16. Bh3 Bb5 17. Rdd1 Nc4 18. a3 Bd7 19. g6 Rf8 20. gxf7+ Rxf7 21. Rhe1 O-O-O 22. f5 g6 23. Qg3 gxf5 24. exf5 exf5 25. Rd5 Qb6 26. b3 Ne5 27. Red1 Be6 28. R5d4 Qc5 29. Kb2 Kb8 30. Qf4 Rc7 31. Qg3 f4 32. Rxf4 Bxh3 33. Rd5 Qc6 34. Qxh3 Rdc8 35. Rxe5 dxe5 36. Rc4 Qd7 37. Qe3 Rxc4 38. bxc4 Qd4 39. Qxh6 Rxc4 40. Qf8+ Ka7 41. Qf3 e4 42. Qg3 e3 43. Qe1 e2 44. Qxe2 Qxc3+ 45. Kb1 Rc6 46. h5 Rb6+ 47. Kc1 Qxa3+ 48. Kd2 Rd6+ 49. Ke1 Qc1+ 0-1

[Event "DLM Youth 2024"]
[Site "Tuebingen"]
[Date "2024.10.03"]
[Round "1"]
[White "Liebold, Aaron"]
[Black "Lutz, Ruben"]
[Result "0-1"]
[ECO "B10"]
[WhiteElo "2058"]
[BlackElo "2270"]
[Annotator "RC"]
[PlyCount "80"]
[EventDate "2024.10.03"]
[EventType "team-swiss"]
[EventRounds "7"]
[EventCountry "GER"]
[SourceTitle "playchess.com"]
[Source "ChessBase"]
[SourceQuality "1"]
[TimeControl "40/5400+30:1800+30"]

1. e4 c6 2. Nf3 d5 3. d3 dxe4 4. Ng5 Nf6 5. Nxe4 Nbd7 6. Nbc3 Qc7 7. g3 e5 8. Qe2 Be7 9. Bg2 O-O 10. O-O Re8 11. Bg5 h6 12. Nxf6+ Nxf6 13. Be3 Bg4 14. Bf3 Be6 15. Rfe1 Rad8 16. Rad1 Bf8 17. Bc1 Bc8 18. a3 Nd5 19. Ne4 f5 20. Nd2 g6 21. Nc4 Bg7 22. Qf1 Qf7 23. Qh3 b5 24. Nd2 e4 25. Bh1 f4 26. Qf1 e3 27. Ne4 Bg4 28. fxe3 Bxd1 29. Rxd1 Nxe3 30. Bxe3 fxe3 31. Qxf7+ Kxf7 32. Kf1 Bxb2 33. Rb1 Bd4 34. Ke2 Bb6 35. Nc3 Rd6 36. Be4 Kg7 37. a4 a6 38. Nd1 Rxe4 39. dxe4 Rd2+ 40. Kf3 Rxc2 0-1

[Event "DLM Youth 2024"]
[Site "Tuebingen"]
[Date "2024.10.03"]
[Round "1"]
[White "Windmueller, Simon"]
[Black "Nechitaylo, Nikita"]
[Result "1/2-1/2"]
[ECO "A79"]
[WhiteElo "2052"]
[BlackElo "2252"]
[Annotator "RC"]
[PlyCount "87"]
[EventDate "2024.10.03"]
[EventType "team-swiss"]
[EventRounds "7"]
[EventCountry "GER"]
[SourceTitle "playchess.com"]
[Source "ChessBase"]
[SourceQuality "1"]
[TimeControl "40/5400+30:1800+30"]

1. d4 Nf6 2. c4 e6 3. Nf3 c5 4. d5 d6 5. Nc3 exd5 6. cxd5 g6 7. Nd2 Bg7 8. e4 O-O 9. Be2 Re8 10. O-O Na6 11. f3 Nc7 12. a4 b6 13. Nc4 Ba6 14. Bd2 Bxc4 15. Bxc4 Nh5 16. Be2 a6 17. g4 Bd4+ 18. Kg2 Ng7 19. Bd3 Rb8 20. Ra2 b5 21. axb5 axb5 22. Ne2 Bf6 23. b3 Qe7 24. Qc2 Rec8 25. f4 h6 26. f5 g5 27. Ra7 Nge8 28. h4 gxh4 29. Bxh6 Bg5 30. f6 Bxf6 31. Rf5 Ng7 32. Bxg7 Bxg7 33. Nf4 c4 34. bxc4 bxc4 35. Qxc4 Nxd5 36. Rxe7 Ne3+ 37. Kh3 Nxc4 38. Rfxf7 Bf8 39. Ra7 Ne5 40. Rf5 Ra8 41. Rg5+ Kh8 42. Rh5+ Kg8 43. Rg5+ Kh8 44. Rh5+ 1/2-1/2